 Dungeon Crawl Stone Soup version 0.27-a0-1196-g3e9cee4cb2 (webtiles) character file.

Game seed: 1258546420953037899

4 Kold the Sneak (level 1, -1/18 HPs)
             Began as a Demonspawn Delver on May 27, 2021.
             Slain by an orc
             ... wielding a +0 hand axe
              (3 damage)
             ... on level 3 of the Dungeon.
             The game lasted 00:00:29 (317 turns).

Kold the Sneak (Demonspawn Delver)                   Turns: 317, Time: 00:00:29

Health: -1/18      AC:  3    Str: 12    XL:     1   Next: 50%
Magic:  1/1        EV: 11    Int: 11    God:
Gold:   8          SH:  0    Dex: 14    Spells: 0/0 levels left

rFire    . . .     SeeInvis .   a - +0 hand axe
rCold    . . .     Faith    .   (no shield)
rNeg     . . .     Spirit   .   b - +0 leather armour
rPois    .         Reflect  .   (no helmet)
rElec    .         Harm     .   (no cloak)
rCorr    .         Rampage  .   (no gloves)
Will     .....                  (no boots)
Stlth    ++........             (no amulet)
HPRegen  0.06/turn              (no ring)
MPRegen  0.07/turn              (no ring)

@: no status effects
A: no striking features
a: no special abilities


You were on level 3 of the Dungeon.
You visited 1 branch of the dungeon, and saw 3 of its levels.

You collected 8 gold pieces.

Inventory:

Hand Weapons
 a - a +0 hand axe (weapon)
Armour
 b - a +0 leather armour (worn)
Wands
 g - a wand of digging (3)
Scrolls
 c - a scroll of fog
 d - a scroll of magic mapping
 e - a scroll of fear
Potions
 f - a potion of haste


   Skills:
 + Level 3.0 Fighting
 + Level 1.8 Axes
 + Level 1.8 Dodging
 + Level 4.5 Stealth


You couldn't memorise any spells.
You didn't know any spells.
Your spell library was empty.

Dungeon Overview and Level Annotations

Branches:
Dungeon (5/15)
 Temple: D:4-7

Altars:


Message History

A quokka comes into view.
The helpless quokka fails to defend itself.
You slash the quokka!
You kill the quokka!
There is a stone staircase leading up here.
You climb upwards.
You hear the sound of rushing water.
There is an entrance to a sewer on this level.
Hurry and find it before the portal rusts away!
There is a stone staircase leading down here.
You open the door. 2 orcs and 2 orc wizards come into view.
An orc is wielding a +2 flail of protection.
The orc shouts! x2; The orc wizard shouts! x2
The orc wizard points at you and mumbles some strange words.
The puff of flame misses you.
Found a weird jewelled staff.
The orc wizard gestures at itself while chanting.
The orc wizard flickers and vanishes!
Deactivating autopickup; reactivate with Ctrl-A.
The orc closely misses you.
There is an open door here.
You closely miss the orc. You hit the orc wizard.
The orc hits you with a +0 hand axe.
The orc wizard hits you with a +0 dagger.
You hit the orc wizard.
The orc wizard is moderately wounded.
You barely miss the orc. You closely miss the orc. The orc misses you.
You closely miss the orc. The orc hits you with a +0 hand axe.
The orc completely misses you.
The orc wizard points at itself and mumbles some strange words.
The orc wizard flickers and vanishes!
You hit the orc.
The orc is moderately wounded.
The orc hits you with a +0 hand axe.
* * * LOW HITPOINT WARNING * * *
You hit the orc.
The orc is severely wounded.
The orc hits you with a +0 hand axe.
You die...

##+# #...#
.....# ###
......# ##.##
......o####...##
......{o@.....>#
..|....####...##
......# ##.##
.....# ### #...#
##.# #. .


You could see 2 orcs.

Vanquished Creatures
  2 ball pythons (D:4)
  A quokka (D:4)
3 creatures vanquished.

Notes
Turn   | Place    | Note
-------+----------+-------------------------------------------
     0 | D:5      | Kold the Demonspawn Delver began the quest for the Orb.
     0 | D:5      | Reached XP level 1. HP: 18/18 MP: 1/1
     8 | D:5      | Noticed a howler monkey
    47 | D:5      | Noticed a water moccasin zombie
   308 | D:3      | Noticed an orc wizard
   308 | D:3      | Noticed an orc wizard
   317 | D:3      | Slain by an orc

Illustrated notes

Levels and vault maps discovered:
D:3:      layout_loops_corners, lemuel_coloured_pillars_altar,
          gup_sewer_entry_bubbles, minivault_25
D:4:      gammafunk_wand_slinger, layout_rooms, lemuel_tele_altar,
          chequers_serial_rivers_micro_e
D:5:      layout_loops_ring, lemuel_doored_altar, gammafunk_ghost_split,
          wad_floor_pattern_1

Action                   || total
-------------------------++-------
Melee: Hand axe          ||    14
 Stab: Sleeping          ||     1
Armor: Leather armour    ||     1
Dodge: Dodged            ||     6

Table legend: (Time is in decaauts)
 A = Elapsed time spent in this place.
 B = Non-inter-level travel time spent in this place.
 C = Inter-level travel time spent in this place.
 D = Time resting spent in this place.
 E = Time spent auto-exploring this place.
 F = Levels seen in this place.
 G = Mean time per level.
                   A        B        C        D        E       F      G
               +--------+--------+--------+--------+--------+-----+--------+
         Total |    319 |    319 |      0 |    207 |     13 |   3 |  106.3 |
       Dungeon |    319 |    319 |      0 |    207 |     13 |   3 |  106.3 |
               +--------+--------+--------+--------+--------+-----+--------+

Top non-repeatable levels by time:
     D:4: 242 daAuts
     D:5: 60 daAuts
     D:3: 17 daAuts
